[Event "Athens of East GM-Open 2019"]
[Site "Madurai"]
[Date "2019.08.17"]
[Round "9.7"]
[White "Khusenkhojaev, Muhammad"]
[Black "Hari Madhavan N B"]
[Result "1/2-1/2"]
[ECO "D11"]
[WhiteElo "2441"]
[BlackElo "2231"]
[Annotator "NA"]
[PlyCount "118"]
[EventDate "2019.08.11"]
[EventType "swiss"]
[EventCountry "IND"]
[SourceTitle "playchess.com"]
[Source "ChessBase"]
[SourceQuality "1"]
[TimeControl "5400+30"]

1. d4 d5 2. c4 c6 3. Nf3 Nf6 4. Qc2 dxc4 5. e4 (5. Qxc4 Bg4 6. Nbd2 Nbd7 7. g3 e6 8. Bg2 Bd6 9. Qb3 Nb6 10. O-O O-O 11. Re1 a5 12. e4 a4 13. Qc3 Re8 14. a3 {1-0 (64) Yu,Y (2764)-Kovalenko,I (2657) St Petersburg 2018}) 5... b5 6. b3 {[%emt 0:00:07] D11: Slav Defence: 3 Nf3 sidelines and 3...Nf6 4 e3 Bg4} cxb3 7. axb3 e6 8. Bd2 a5 9. Bd3 Be7 10. O-O h6 11. Rc1 Bb7 $146 ({Predecessor:} 11... O-O 12. Nc3 {1-0 (32) Larson,M (2220)-Ayala Pena,E (2201) Brownsville 2016}) 12. Nc3 O-O 13. e5 Nfd7 14. Ne4 b4 15. Be3 c5 16. dxc5 Bd5 17. Bc4 Nc6 18. Bf4 (18. Bxd5 $1 $11 exd5 19. Nd6) 18... f6 (18... g5 $15 19. Be3 Bxc4 20. Qxc4 Ndxe5 21. Nxe5 Nxe5) 19. Bxd5 exd5 20. exf6 Nxf6 21. Nd6 Ne4 $1 22. Qd3 Rxf4 23. Qxd5+ {[%emt 0:00:05] Double Attack} Kh8 24. Qxc6 Nxd6 25. cxd6 Bxd6 26. Rd1 Rf6 27. Qd5 Qg8 28. Qd3 Rd8 29. Kf1 Be7 30. Qe3 Qe6 31. Rxd8+ Bxd8 32. Qd3 Qa6 33. Qxa6 Rxa6 34. Nd2 Rd6 35. Ne4 Rc6 36. Rd1 Bc7 37. g3 Rc2 38. Rd3 Ra2 39. Rd7 Be5 40. Rd5 Bc3 41. Nc5 Ra3 42. Ke2 a4 $11 43. bxa4 b3 44. Ne4 Bb4 45. Rd4 Ba5 46. Rd5 Rxa4 47. Kd3 Bb6 48. Rb5 Rd4+ 49. Kc3 Rxe4 50. Rxb6 Re2 51. Rxb3 Rxf2 52. Rb2 Rf3+ 53. Kd4 Kh7 54. Ke4 Ra3 55. Kf4 Ra4+ 56. Kf3 Ra3+ 57. Kf4 Ra4+ 58. Kf3 Ra3+ 59. Kf4 Ra4+ 1/2-1/2

[Event "Athens of East GM-Open 2019"]
[Site "Madurai"]
[Date "2019.08.17"]
[Round "9.8"]
[White "Prasannaa.s"]
[Black "Laxman, R.R."]
[Result "0-1"]
[ECO "A00"]
[WhiteElo "2233"]
[BlackElo "2429"]
[Annotator "ChessBase"]
[PlyCount "83"]
[EventDate "2019.08.11"]
[EventType "swiss"]
[EventCountry "IND"]
[SourceTitle "playchess.com"]
[Source "ChessBase"]
[SourceQuality "1"]
[TimeControl "5400+30"]

1. a3 d5 2. b4 Bg4 3. Bb2 Nd7 4. d3 e5 5. Nd2 a5 6. b5 Ngf6 7. h3 Bh5 8. g4 Bg6 9. Bg2 c6 10. c4 Bc5 11. Ngf3 cxb5 12. cxd5 h5 13. Nh4 Qb6 14. O-O hxg4 15. Nxg6 fxg6 16. hxg4 Nxg4 17. Ne4 Qd8 18. e3 Qh4 19. Re1 Bxe3 20. Rxe3 Qh2+ 21. Kf1 Nxe3+ 22. fxe3 O-O+ 23. Nf2 Rxf2+ 24. Kxf2 Rf8+ 25. Qf3 Qh4+ 26. Kf1 Rxf3+ 27. Bxf3 Qg3 28. Be4 Nf6 29. Rd1 Nxe4 30. dxe4 Qf3+ 31. Ke1 Qxe3+ 32. Kf1 Qf3+ 33. Ke1 Qxe4+ 34. Kf1 Qh1+ 35. Ke2 Qg2+ 36. Ke1 Qxb2 37. d6 Qc3+ 38. Ke2 Qc2+ 39. Rd2 Qxd2+ 40. Kxd2 Kf7 41. d7 Ke7 42. Ke1 0-1

[Event "Athens of East GM-Open 2019"]
[Site "Madurai"]
[Date "2019.08.17"]
[Round "9.9"]
[White "Muthaiah AL"]
[Black "Baivab Mishra"]
[Result "1-0"]
[ECO "A35"]
[WhiteElo "2384"]
[BlackElo "2215"]
[Annotator "NA"]
[PlyCount "91"]
[EventDate "2019.08.11"]
[EventType "swiss"]
[EventCountry "IND"]
[SourceTitle "playchess.com"]
[Source "ChessBase"]
[SourceQuality "1"]
[TimeControl "5400+30"]

1. c4 c5 2. Nc3 g6 3. Nf3 Bg7 4. d4 cxd4 5. Nxd4 Nc6 6. Nc2 d6 7. g3 h5 {[%emt 0:05:39] A35: Symmetrical English: 2 Nc3 Nc6 3 Nf3} (7... Be6 8. Nd5 Rc8 9. Bg2 h5 10. h3 Na5 11. Nce3 Qd7 12. Qd3 Nc6 13. Rb1 Nf6 14. Nf4 O-O 15. Nxe6 Qxe6 {½-½ (79) Lubczynski,R (2432)-Solak,D (2611) Rhodes 2013}) 8. h4 Nh6 9. Bg2 Nf5 $146 ({Predecessor:} 9... O-O 10. O-O Ne5 11. Ne3 Nhg4 12. Ncd5 Rb8 13. Rb1 b5 14. cxb5 Rxb5 {½-½ (74) Zhidkov,V (2314)-Balashov,Y (2423) Minsk 2018}) 10. O-O O-O 11. e4 Nfd4 12. Be3 Bg4 13. f3 Nxc2 14. Qxc2 Be6 15. b3 a6 16. f4 Bg4 17. Rac1 Rc8 18. Qd2 Qa5 19. Rf2 Qa3 20. Nd5 e6 21. Nb6 Rcd8 22. Rb1 Nb4 (22... Qb4 $11) 23. Bd4 Bxd4 24. Qxd4 Nc6 25. Qe3 Rfe8 26. Rd2 $11 Qc5 27. Qxc5 dxc5 28. Rbb2 e5 29. Na4 b5 30. cxb5 axb5 31. Nxc5 f6 32. Kf2 Nd4 33. Nd3 Kf7 34. Ke3 exf4+ 35. Nxf4 Nf5+ 36. Kf2 Nd6 37. Rd5 b4 38. Rbd2 Nb7 39. Nd3 Be6 40. Rxd8 Rxd8 41. Ke3 Rb8 42. Nxb4 Nc5 43. Nc6 Rb6 44. Rd6 Ra6 45. Nd8+ Ke7 46. Rxa6 1-0

[Event "Athens of East GM-Open 2019"]
[Site "Madurai"]
[Date "2019.08.17"]
[Round "9.10"]
[White "Rajesh, V A V"]
[Black "Ram, S. Krishnan"]
[Result "1-0"]
[ECO "D25"]
[WhiteElo "2368"]
[BlackElo "2192"]
[Annotator "ChessBase"]
[PlyCount "77"]
[EventDate "2019.08.11"]
[EventType "swiss"]
[EventCountry "IND"]
[SourceTitle "playchess.com"]
[Source "ChessBase"]
[SourceQuality "1"]
[TimeControl "5400+30"]

1. d4 d5 2. c4 dxc4 3. Nf3 Nf6 4. e3 b5 5. a4 b4 6. Bxc4 e6 7. O-O Be7 8. Ne5 Bb7 9. a5 O-O 10. Nd2 c5 11. Nb3 Qc7 12. Qe2 Bd6 13. f4 Ne4 14. Bd3 f6 15. Nc4 Be7 16. Qc2 f5 17. Ncd2 Nxd2 18. Bxd2 Qc6 19. Rf2 cxd4 20. Nxd4 Qxc2 21. Nxc2 b3 22. Nd4 Bd5 23. Rc1 Nd7 24. Bc4 Bxc4 25. Rxc4 Rfc8 26. Rxc8+ Rxc8 27. Nxb3 Rb8 28. Nd4 Rxb2 29. Bc3 Rb1+ 30. Rf1 Rxf1+ 31. Kxf1 Kf7 32. Nc6 Bc5 33. Ke2 a6 34. Kd3 Bd6 35. Kc4 Nb8 36. Nd8+ Ke7 37. Nb7 Bc7 38. Bxg7 Kd7 39. Nc5+ 1-0

[Event "Athens of East GM-Open 2019"]
[Site "Madurai"]
[Date "2019.08.17"]
[Round "9.11"]
[White "Patil, Pratik"]
[Black "Raja Rithvik R"]
[Result "0-1"]
[ECO "C54"]
[WhiteElo "2216"]
[BlackElo "2357"]
[Annotator "ChessBase"]
[PlyCount "70"]
[EventDate "2019.08.11"]
[EventType "swiss"]
[EventCountry "IND"]
[SourceTitle "playchess.com"]
[Source "ChessBase"]
[SourceQuality "1"]
[TimeControl "5400+30"]

1. e4 e5 2. Nf3 Nc6 3. Bc4 Bc5 4. c3 Nf6 5. d3 O-O 6. Bb3 d5 7. exd5 Nxd5 8. O-O Bg4 9. h3 Bh5 10. Re1 f6 11. Nbd2 Kh8 12. Ne4 Bb6 13. Ng3 Bf7 14. Nh4 Qd7 15. Qf3 Rad8 16. Ngf5 g5 17. c4 Nf4 18. Bxf4 exf4 19. Ba4 gxh4 20. Qxf4 Bg6 21. Nxh4 Qg7 22. Bxc6 bxc6 23. Nf5 Bxf5 24. Qxf5 Qg6 25. Qf3 Qxd3 26. Qxc6 Rd6 27. Qb5 Rg8 28. Re8 Bxf2+ 29. Kxf2 Qg3+ 30. Ke2 Qxg2+ 31. Ke1 Qg1+ 32. Ke2 Qh2+ 33. Kf1 Qxh3+ 34. Ke2 Re6+ 35. Rxe6 Rg2+ 0-1

[Event "Athens of East GM-Open 2019"]
[Site "Madurai"]
[Date "2019.08.17"]
[Round "9.12"]
[White "Nitin, S.."]
[Black "Balkishan, A.."]
[Result "1-0"]
[ECO "B80"]
[WhiteElo "2385"]
[BlackElo "2177"]
[Annotator "ChessBase"]
[PlyCount "63"]
[EventDate "2019.08.11"]
[EventType "swiss"]
[EventCountry "IND"]
[SourceTitle "playchess.com"]
[Source "ChessBase"]
[SourceQuality "1"]
[TimeControl "5400+30"]

1. e4 c5 2. Nf3 e6 3. d4 cxd4 4. Nxd4 Nc6 5. Nc3 Qc7 6. g3 a6 7. Bg2 Nf6 8. O-O d6 9. Nxc6 bxc6 10. Be3 Rb8 11. Na4 e5 12. c4 Be6 13. b3 Be7 14. Qe2 Nd7 15. Rac1 c5 16. f4 f6 17. Nc3 O-O 18. f5 Bf7 19. h4 Rb7 20. g4 Nb8 21. g5 Nc6 22. Bh3 Kh8 23. Qg2 g6 24. fxg6 Bxg6 25. Nd5 Qd8 26. gxf6 Bxf6 27. Nxf6 Rxf6 28. Bg5 Rbf7 29. Rxf6 Rxf6 30. Rf1 Rxf1+ 31. Qxf1 Qc7 32. Qf8# 1-0

[Event "Athens of East GM-Open 2019"]
[Site "Madurai"]
[Date "2019.08.17"]
[Round "9.13"]
[White "Lokesh, N.."]
[Black "Kunal, M.."]
[Result "1-0"]
[ECO "B11"]
[WhiteElo "2202"]
[BlackElo "2306"]
[Annotator "NA"]
[PlyCount "143"]
[EventDate "2019.08.11"]
[EventType "swiss"]
[EventCountry "IND"]
[SourceTitle "playchess.com"]
[Source "ChessBase"]
[SourceQuality "1"]
[TimeControl "5400+30"]

1. e4 c6 2. Nf3 d5 3. Nc3 Bg4 4. h3 Bxf3 5. Qxf3 e6 6. d4 Nf6 7. Bg5 dxe4 {[%emt 0:04:13] B11: Caro-Kann: Two Knights Variation} (7... Be7 8. e5 Nfd7 9. Bxe7 Qxe7 10. O-O-O O-O 11. Qe3 c5 12. f4 Nc6 13. Ne2 Rac8 14. Kb1 a6 15. g4 cxd4 16. Nxd4 Nxd4 17. Qxd4 {0-1 (56) Inarkiev,E (2660)-Riazantsev,A (2646) St Petersburg 2015}) 8. Nxe4 Be7 9. O-O-O Nxe4 10. Bxe7 Qxe7 11. Qxe4 Nd7 12. g3 $146 ({Predecessor:} 12. Be2 O-O-O 13. Bf3 Nf6 14. Qe5 Qd6 15. Rhe1 Qxe5 16. Rxe5 {0-1 (32) Przybylski,W (2378)-Yevseev,D (2515) Jurmala 2015}) 12... Nf6 13. Qe5 O-O 14. Bg2 Rac8 15. Rhe1 h6 16. Kb1 Qb4 17. Re3 Rfd8 18. Rb3 Qe7 19. c4 b6 20. f4 Qf8 21. g4 Nd7 22. Qe2 c5 23. d5 exd5 24. Bxd5 Re8 25. Qf3 Nf6 26. Rbd3 Qe7 27. Bc6 Red8 28. g5 hxg5 29. fxg5 Nh7 30. h4 Rxd3 31. Rxd3 Qe1+ $18 (31... Rxc6 $16 {was worth a try.} 32. Qxc6 Qe1+ 33. Kc2 Qe2+ 34. Kc3 Qe1+ 35. Kb3 Qb4+ 36. Kc2 Qxc4+ 37. Rc3 Qg4) 32. Rd1 Qxh4 33. Rh1 Qxg5 34. Be4 Kf8 35. Rxh7 Re8 36. Rh1 g6 37. Bd5 Re7 38. Qh3 Qe5 39. a3 Qg7 40. Qc8+ Re8 41. Qc6 g5 42. Rf1 Re2 43. Qc8+ Re8 44. Qd7 Qg6+ 45. Ka2 Re7 46. Qd8+ Re8 47. Bxf7 Rxd8 48. Bxg6+ Kg7 49. Be4 Rd4 50. Bd5 b5 51. Rf7+ Kg6 52. Rc7 bxc4 53. Rxc5 g4 54. Bxc4 g3 55. Bd5 Kg5 56. b4 Kf4 57. Kb3 Ke5 58. Bg2+ Kd6 59. Rc3 a5 60. Rxg3 axb4 61. axb4 Kc7 62. Rg7+ Kb6 63. Ka4 Rf4 64. Rg6+ Ka7 65. Bd5 Rf5 66. Rg7+ Kb8 67. Rb7+ Ka8 68. Rd7+ Kb8 69. Kb5 Kc8 70. Kc6 Rf1 71. Rf7 Rc1+ 72. Kb6 1-0

[Event "Athens of East GM-Open 2019"]
[Site "Madurai"]
[Date "2019.08.17"]
[Round "9.14"]
[White "Sahoo, Utkal Ranjan"]
[Black "Nikhil Magizhnan"]
[Result "1/2-1/2"]
[ECO "A40"]
[WhiteElo "2278"]
[BlackElo "2164"]
[Annotator "NA"]
[PlyCount "60"]
[EventDate "2019.08.11"]
[EventType "swiss"]
[EventCountry "IND"]
[SourceTitle "playchess.com"]
[Source "ChessBase"]
[SourceQuality "1"]
[TimeControl "5400+30"]

1. d4 e6 2. c4 b6 3. Nc3 Bb7 4. e3 f5 5. Nf3 Nf6 6. a3 Be7 7. Be2 O-O {[%emt 0:00:44] A40: Unusual replies to 1 d4} 8. O-O a5 (8... Ne4 9. Qc2 d5 10. b4 a5 11. b5 Nd7 12. cxd5 exd5 {1-0 (46) Dimitrov,R (2493)-Nikolovski,N (2391) Skopje 2018}) 9. b3 Ne4 10. Bb2 d6 11. Nd2 $146 ({Predecessor:} 11. Qc2 Nd7 12. b4 {1-0 (43) Vavrinek,T (1773)-Palla,I (1536) Klatovy 2016}) 11... Nxd2 12. Qxd2 Nd7 13. Rad1 Qe8 14. d5 e5 15. Qc2 Ba6 16. f4 Bf6 17. Kh1 Qe7 18. g4 fxg4 19. Bxg4 a4 20. Ne4 axb3 21. Qxb3 Nc5 22. Nxf6+ Rxf6 23. Qc2 Raf8 24. Rg1 $17 R6f7 25. Bh5 Rf5 26. Bg4 R5f7 27. Bh5 Rf5 28. Bg4 R5f7 29. Bh5 Rf5 30. Bg4 R5f7 1/2-1/2

[Event "Athens of East GM-Open 2019"]
[Site "Madurai"]
[Date "2019.08.17"]
[Round "9.16"]
[White "Niraj, Saripalli"]
[Black "Konguvel, Ponnuswamy"]
[Result "1-0"]
[ECO "A47"]
[WhiteElo "2150"]
[BlackElo "2343"]
[Annotator "NA"]
[PlyCount "73"]
[EventDate "2019.08.11"]
[EventType "swiss"]
[EventCountry "IND"]
[SourceTitle "playchess.com"]
[Source "ChessBase"]
[SourceQuality "1"]
[TimeControl "5400+30"]

1. d4 Nf6 2. Bf4 b6 3. e3 Bb7 4. Nf3 g6 5. Nbd2 Bg7 6. h3 d6 7. Bd3 O-O 8. Bh2 Nbd7 9. Qe2 {[%emt 0:09:55] [#]} e5 $1 10. dxe5 dxe5 11. Ba6 Bxa6 12. Qxa6 Qe7 13. O-O Nc5 14. Qc4 Nfd7 15. Rad1 c6 16. Ne4 b5 17. Qb4 Rfe8 18. Nd6 $11 a5 19. Qc3 Red8 20. a3 Ra6 21. b4 Na4 22. Qb3 axb4 23. axb4 Nab6 24. Ng5 Rf8 25. f4 Nd5 26. Ngxf7 e4 27. c4 bxc4 28. Qxc4 Rb6 29. b5 N7f6 30. bxc6 Rxf7 31. Nxf7 Qxf7 32. f5 Rb4 33. Qxb4 Nxb4 34. Rd8+ Bf8 35. c7 Nc6 36. fxg6 Qe7 37. Bd6 1-0

[Event "Athens of East GM-Open 2019"]
[Site "Madurai"]
[Date "2019.08.17"]
[Round "9.17"]
[White "Sibi Visal R"]
[Black "Saravana, Krishnan P."]
[Result "0-1"]
[ECO "D18"]
[WhiteElo "2118"]
[BlackElo "2277"]
[Annotator "NA"]
[PlyCount "94"]
[EventDate "2019.08.11"]
[EventType "swiss"]
[EventCountry "IND"]
[SourceTitle "playchess.com"]
[Source "ChessBase"]
[SourceQuality "1"]
[TimeControl "5400+30"]

1. Nf3 Nf6 2. c4 c6 3. d4 d5 4. Nc3 dxc4 5. a4 Bf5 6. e3 e6 7. Bxc4 Bb4 8. O-O Nbd7 9. Bd3 $146 ({Predecessor:} 9. Qe2 Bg6 10. Bd3 Bxd3 {½-½ (15) Ehlvest,J (2600)-Tukmakov,V (2565) New York 1994}) 9... Bxd3 10. Qxd3 O-O 11. e4 {[%emt 0:04:13] D18: Slav Defence: 5 a4 Bf5 6 e3} Bxc3 12. bxc3 Nc5 13. Qb1 Ncxe4 14. Ba3 Nd6 15. Bxd6 Qxd6 16. Qxb7 c5 17. Qb5 Rfc8 18. Qd3 Rc7 19. Rfd1 Rac8 20. h3 g6 21. Rab1 cxd4 22. cxd4 Nd5 23. Ng5 Rc3 24. Ne4 Rxd3 25. Nxd6 Rxd1+ 26. Rxd1 Rc6 27. Ne4 Rc4 28. a5 Ra4 29. Rb1 Rxd4 30. Rb8+ Kg7 31. Ng5 h6 32. Nf3 Rb4 33. Ra8 Rb7 34. Nd4 Nb4 35. Rc8 e5 36. Nc6 Nd3 $11 (36... e4 $15) 37. Rd8 e4 38. a6 Rb6 39. Nxa7 Rxa6 40. Nb5 Ra1+ 41. Kh2 Nxf2 42. Kg3 Nd3 43. Rd7 Kf6 44. Nc3 Ke6 45. Rb7 Ra3 46. Rb6+ Ke5 47. Ne2 Nf4+ 0-1

[Event "Athens of East GM-Open 2019"]
[Site "Madurai"]
[Date "2019.08.17"]
[Round "9.18"]
[White "Aaryan Varshney"]
[Black "Kiran, Manisha Mohanty"]
[Result "1-0"]
[ECO "D85"]
[WhiteElo "2272"]
[BlackElo "2054"]
[Annotator "ChessBase"]
[PlyCount "84"]
[EventDate "2019.08.11"]
[EventType "swiss"]
[EventCountry "IND"]
[SourceTitle "playchess.com"]
[Source "ChessBase"]
[SourceQuality "1"]
[TimeControl "5400+30"]

1. d4 Nf6 2. c4 g6 3. Nc3 d5 4. cxd5 Nxd5 5. e4 Nxc3 6. bxc3 Bg7 7. Nf3 O-O 8. Be2 c5 9. Rb1 b6 10. O-O Bb7 11. Qd3 Ba6 12. Qc2 Qc8 13. Bxa6 Qxa6 14. d5 Qc4 15. Rb3 f5 16. Nd2 Qe2 17. Qd1 Qxd1 18. Rxd1 Nd7 19. c4 fxe4 20. Nxe4 Bd4 21. Be3 Bxe3 22. Rxe3 Ne5 23. Nd2 Ng4 24. Rxe7 Nxf2 25. Rf1 Ng4 26. Rxf8+ Rxf8 27. h3 Nf6 28. Rxa7 Re8 29. Rb7 Re2 30. Nf3 Rxa2 31. Rxb6 Ne4 32. Re6 Nd2 33. Nxd2 Rxd2 34. Rc6 Kf7 35. Rxc5 Kf6 36. Kh2 h5 37. Rc6+ Kf5 38. d6 h4 39. c5 g5 40. Rc8 Ke6 41. c6 Rxd6 42. Re8+ Kd5 1-0

[Event "Athens of East GM-Open 2019"]
[Site "Madurai"]
[Date "2019.08.17"]
[Round "9.19"]
[White "Nayak Rajesh"]
[Black "Sa, Kannan"]
[Result "1-0"]
[ECO "B27"]
[WhiteElo "2250"]
[BlackElo "1982"]
[Annotator "NA"]
[PlyCount "131"]
[EventDate "2019.08.11"]
[EventType "swiss"]
[EventCountry "IND"]
[SourceTitle "playchess.com"]
[Source "ChessBase"]
[SourceQuality "1"]
[TimeControl "5400+30"]

1. e4 c5 2. Nf3 b6 3. Nc3 Bb7 4. Bc4 e6 5. O-O a6 6. Re1 Be7 7. d4 d6 8. a4 Nf6 9. Bg5 O-O 10. Ba2 Nbd7 11. e5 Nh5 12. Bxe7 Qxe7 13. d5 Nf4 {[%emt 0:09:29] [#]} 14. exd6 $16 Qf6 15. g3 Nxd5 16. Nxd5 exd5 17. Bxd5 Bxd5 18. Qxd5 Qxb2 19. Qf5 Rad8 20. Rab1 Qa2 21. Qe4 c4 22. Ra1 Qb2 23. Qxc4 Rc8 24. Qd4 Qxd4 25. Nxd4 Rfd8 26. Re2 g6 27. a5 b5 28. Rd1 Nf6 29. Nb3 Rc6 30. Red2 Ne4 31. Rd4 Rdxd6 32. f3 Rxd4 33. Nxd4 Nc3 34. Nxc6 Nxd1 35. Nb4 Ne3 36. Nxa6 Nc4 37. Nc7 Nxa5 38. Nxb5 Kf8 39. Kf2 Nc4 40. Ke2 Ke7 41. Kd3 Ne5+ 42. Ke4 Ke6 43. Nd4+ Kd6 44. g4 f6 45. h4 Nc4 46. f4 Nd2+ 47. Kd3 Nf1 48. Nf3 Ng3 49. Nd2 f5 50. g5 Nh5 51. Ke3 Kd5 52. Nf3 Ng7 53. Ne5 Kd6 54. Nf7+ Ke7 55. Nh6 Kf8 56. Kd4 Ne6+ 57. Ke5 Nc5 58. Kd5 Na4 59. c4 Nc3+ 60. Kd4 Ne2+ 61. Ke5 Nc1 62. Kd6 Nd3 63. c5 Ke8 64. c6 Kd8 65. c7+ Kc8 66. Ng8 1-0

[Event "Athens of East GM-Open 2019"]
[Site "Madurai"]
[Date "2019.08.18"]
[Round "10.1"]
[White "Savchenko, Boris"]
[Black "Venkatesh, M.R."]
[Result "1/2-1/2"]
[ECO "C72"]
[WhiteElo "2576"]
[BlackElo "2480"]
[Annotator "ChessBase"]
[PlyCount "138"]
[EventDate "2019.08.11"]
[EventType "swiss"]
[EventCountry "IND"]
[SourceTitle "playchess.com"]
[Source "ChessBase"]
[SourceQuality "1"]
[TimeControl "5400+30"]

1. e4 e5 2. Nf3 Nc6 3. Bb5 a6 4. Ba4 d6 5. O-O Bd7 6. d4 b5 7. Bb3 Nxd4 8. Nxd4 exd4 9. c3 dxc3 10. Nxc3 Nf6 11. f4 Be6 12. Bxe6 fxe6 13. f5 e5 14. Nd5 c6 15. Nxf6+ Qxf6 16. a4 b4 17. Be3 Qf7 18. a5 c5 19. f6 O-O-O 20. Qd3 Qb7 21. Rad1 Rd7 22. f7 Be7 23. Qc4 Rf8 24. Qe6 Qc6 25. Rd5 Kc7 26. Rfd1 Rfd8 27. b3 h6 28. R1d2 Bf8 29. Qe8 Re7 30. Qxc6+ Kxc6 31. Bxc5 Rxf7 32. Rc2 Kd7 33. Bxb4 Rb8 34. Rc4 Ke6 35. Rd3 Rfb7 36. Be1 Rxb3 37. Rxb3 Rxb3 38. Rc6 Re3 39. Bf2 Rxe4 40. Rxa6 Ra4 41. Bb6 Be7 42. Ra8 Kd5 43. Kf1 e4 44. a6 Kc6 45. Bf2 Ra1+ 46. Ke2 Ra2+ 47. Kf1 Bg5 48. h4 e3 49. hxg5 Rxf2+ 50. Ke1 h5 51. Re8 Kb6 52. Rxe3 Rxg2 53. Re6 Rxg5 54. Rxd6+ Ka7 55. Kf2 g6 56. Kf3 h4 57. Kf2 Rg4 58. Kf3 Rg3+ 59. Kf2 g5 60. Rh6 Rg4 61. Rg6 h3 62. Re6 Rg2+ 63. Kf1 g4 64. Rh6 Ra2 65. Kg1 Rxa6 66. Rh7+ Kb8 67. Rg7 Ra1+ 68. Kh2 Ra2+ 69. Kh1 Rg2 1/2-1/2

[Event "Athens of East GM-Open 2019"]
[Site "Madurai"]
[Date "2019.08.18"]
[Round "10.2"]
[White "Smirnov, Pavel"]
[Black "Das, Sayantan"]
[Result "1/2-1/2"]
[ECO "E62"]
[WhiteElo "2574"]
[BlackElo "2409"]
[Annotator "ChessBase"]
[PlyCount "87"]
[EventDate "2019.08.11"]
[EventType "swiss"]
[EventCountry "IND"]
[SourceTitle "playchess.com"]
[Source "ChessBase"]
[SourceQuality "1"]
[TimeControl "5400+30"]

1. d4 Nf6 2. Nf3 g6 3. g3 Bg7 4. Bg2 O-O 5. O-O d6 6. c4 c6 7. Nc3 Bf5 8. Ne1 Be6 9. d5 cxd5 10. cxd5 Bd7 11. Be3 Na6 12. Nd3 b5 13. a4 bxa4 14. Nxa4 Qb8 15. Qd2 Bf5 16. Rfc1 Qb5 17. Nc3 Qb7 18. Ra5 Ng4 19. Bf4 Rfc8 20. e4 Bd7 21. h3 Ne5 22. Bxe5 Bxe5 23. Nxe5 dxe5 24. Rca1 Nc5 25. Qe3 Qb6 26. Bf1 Rab8 27. Rxa7 Qd6 28. R1a2 Kg7 29. h4 h5 30. Ba6 Rc7 31. Rxc7 Qxc7 32. Be2 Rb4 33. f4 Na4 34. f5 Rxb2 35. Rxb2 Nxb2 36. fxg6 fxg6 37. Kf1 Na4 38. Nd1 Qc5 39. Qg5 Bh3+ 40. Ke1 Qg1+ 41. Kd2 Qd4+ 42. Ke1 Qg1+ 43. Kd2 Qd4+ 44. Ke1 1/2-1/2

[Event "Athens of East GM-Open 2019"]
[Site "Madurai"]
[Date "2019.08.18"]
[Round "10.3"]
[White "Tukhaev, Adam"]
[Black "Gupta, Abhijeet"]
[Result "1-0"]
[ECO "D78"]
[WhiteElo "2541"]
[BlackElo "2603"]
[Annotator "ChessBase"]
[PlyCount "99"]
[EventDate "2019.08.11"]
[EventType "swiss"]
[EventCountry "IND"]
[SourceTitle "playchess.com"]
[Source "ChessBase"]
[SourceQuality "1"]
[TimeControl "5400+30"]

1. Nf3 Nf6 2. g3 g6 3. Bg2 Bg7 4. O-O O-O 5. c4 c6 6. d4 d5 7. a4 Bf5 8. Ne5 Be6 9. Nd2 dxc4 10. Ndxc4 Nbd7 11. a5 Rc8 12. Qa4 Ng4 13. Nxd7 Qxd7 14. Rd1 Rfd8 15. Bf4 h6 16. h3 g5 17. hxg4 Bxc4 18. Qxc4 gxf4 19. gxf4 Qxg4 20. e3 Kh8 21. Kf1 Rg8 22. Qe2 Qg6 23. Qf3 c5 24. Bh3 Rb8 25. Rac1 cxd4 26. e4 Qa6+ 27. Qd3 Qxa5 28. e5 Rbd8 29. Rc4 Qa6 30. Rc7 Qg6 31. Rxe7 Qh5 32. Rxb7 Rb8 33. Rxb8 Rxb8 34. Bg2 Rd8 35. Bf3 Qh3+ 36. Ke2 Qe6 37. Ra1 Qb6 38. b3 a5 39. Rc1 a4 40. bxa4 Qb2+ 41. Rc2 Qa1 42. Bc6 h5 43. Bb5 Qg1 44. Qf5 Qg4+ 45. Qxg4 hxg4 46. a5 Bh6 47. a6 Ra8 48. Rc7 Bxf4 49. a7 Bxe5 50. Rxf7 1-0

[Event "Athens of East GM-Open 2019"]
[Site "Madurai"]
[Date "2019.08.18"]
[Round "10.4"]
[White "Triapishko, Alexandr"]
[Black "Nitin, S.."]
[Result "1/2-1/2"]
[ECO "A45"]
[WhiteElo "2515"]
[BlackElo "2385"]
[Annotator "ChessBase"]
[PlyCount "141"]
[EventDate "2019.08.11"]
[EventType "swiss"]
[EventCountry "IND"]
[SourceTitle "playchess.com"]
[Source "ChessBase"]
[SourceQuality "1"]
[TimeControl "5400+30"]

1. d4 Nf6 2. Bg5 e6 3. e4 h6 4. Bxf6 Qxf6 5. c3 d6 6. Bc4 g6 7. Ne2 Bg7 8. O-O O-O 9. f4 Qe7 10. Qd3 Nd7 11. Nd2 c5 12. Rae1 a6 13. a4 b5 14. axb5 Nb6 15. bxa6 Nxc4 16. Nxc4 cxd4 17. Nxd4 Bxa6 18. b4 Qc7 19. b5 Bxd4+ 20. Qxd4 Bxb5 21. Nxd6 Bxf1 22. Rxf1 Qa7 23. Qxa7 Rxa7 24. Kf2 Rb8 25. Ke3 Ra2 26. Rf2 Rxf2 27. Kxf2 Rb2+ 28. Kf3 Rb3 29. e5 Rxc3+ 30. Kg4 Rc2 31. Kf3 Kf8 32. Ne4 Ke7 33. h4 h5 34. g4 hxg4+ 35. Kxg4 Rc1 36. Nf6 Rg1+ 37. Kf3 Kd8 38. Ne4 Ke7 39. Nf6 Kf8 40. Kf2 Ra1 41. Kg3 Ra3+ 42. Kg4 Ra7 43. Kg5 Ra1 44. Kg4 Ke7 45. Kf3 Kd8 46. Ne4 Ra4 47. Ng5 Ke7 48. Ne4 f5 49. exf6+ Kf7 50. Ke3 Ra5 51. Kf3 Ra3+ 52. Kf2 Rd3 53. Ke2 Rd5 54. Kf3 e5 55. fxe5 Rxe5 56. Kf4 Rf5+ 57. Kg4 Rf1 58. Kg5 Rg1+ 59. Kf4 Ke6 60. Kf3 Rf1+ 61. Kg4 Rg1+ 62. Kf4 Re1 63. Kf3 Ra1 64. Kg4 Ra4 65. Kf4 Rb4 66. Kf3 Rb1 67. Kf4 Rg1 68. Kf3 Rf1+ 69. Kg4 Rf5 70. f7 Kxf7 71. Nd6+ 1/2-1/2

[Event "Athens of East GM-Open 2019"]
[Site "Madurai"]
[Date "2019.08.18"]
[Round "10.5"]
[White "Laxman, R.R."]
[Black "Mosadeghpour, Masoud"]
[Result "1-0"]
[ECO "D77"]
[WhiteElo "2429"]
[BlackElo "2494"]
[Annotator "ChessBase"]
[PlyCount "53"]
[EventDate "2019.08.11"]
[EventType "swiss"]
[EventCountry "IND"]
[SourceTitle "playchess.com"]
[Source "ChessBase"]
[SourceQuality "1"]
[TimeControl "5400+30"]

1. d4 Nf6 2. Nf3 g6 3. g3 Bg7 4. Bg2 O-O 5. O-O d5 6. c4 dxc4 7. Na3 c3 8. bxc3 c5 9. e3 Nc6 10. Re1 Bf5 11. Nc4 cxd4 12. exd4 Qc8 13. Bb2 Rd8 14. Qe2 Bh3 15. Bh1 Be6 16. Ne3 Na5 17. Ne5 Nd7 18. Nxd7 Qxd7 19. c4 Bh3 20. d5 Bxb2 21. Qxb2 Rac8 22. Qd4 b6 23. Qh4 Bf5 24. Rad1 h5 25. d6 e6 26. Nxf5 exf5 27. Qf6 1-0

[Event "Athens of East GM-Open 2019"]
[Site "Madurai"]
[Date "2019.08.18"]
[Round "10.6"]
[White "Vasquez Schroeder, Rodrigo"]
[Black "Muthaiah AL"]
[Result "1/2-1/2"]
[ECO "D91"]
[WhiteElo "2496"]
[BlackElo "2384"]
[Annotator "ChessBase"]
[PlyCount "60"]
[EventDate "2019.08.11"]
[EventType "swiss"]
[EventCountry "IND"]
[SourceTitle "playchess.com"]
[Source "ChessBase"]
[SourceQuality "1"]
[TimeControl "5400+30"]

1. d4 Nf6 2. Nf3 g6 3. c4 Bg7 4. Nc3 d5 5. Bg5 Ne4 6. cxd5 Nxg5 7. Nxg5 e6 8. Nf3 exd5 9. e3 O-O 10. b4 c6 11. Be2 Qd6 12. Qb3 Be6 13. O-O Nd7 14. a4 a5 15. bxa5 Rxa5 16. Rab1 Bf5 17. Rb2 b5 18. Rc1 bxa4 19. Nxa4 Rfa8 20. Ra2 Qb8 21. Qxb8+ Nxb8 22. Bd1 Bf8 23. Rca1 Bb4 24. Bb3 Nd7 25. h3 Kf8 26. Nb2 Rb8 27. Na4 Rba8 28. Nb2 Rb8 29. Na4 Rba8 30. Nb2 Rb8 1/2-1/2